 Dungeon Crawl Stone Soup version 0.30-a0-936-ge0d47acfc0 (webtiles) character file.

Game seed: 13639405696676629470

5009 CryoSword the Frost Mage (level 10, -8/80 (84) HPs)
             Began as a Demigod Ice Elementalist on Mar 22, 2023.
             Killed from afar by Erica (34 damage)
             ... with a bolt of poison
             ... on level 8 of the Dungeon on Mar 24, 2023.
             The game lasted 00:34:08 (11168 turns).

CryoSword the Frost Mage (DgIE)                    Turns: 11168, Time: 00:34:08

HP:   -8/80 (84)    AC:  8    Str:  9    XL:     10   Next: 9%
MP:   4/17          EV: 12    Int: 29    God:
Gold: 508           SH:  0    Dex: 14    Spells: 1/15 levels left

rFire   . . .      SeeInvis .    H - +3 trident
rCold   . . .      Faith    .    (no shield)
rNeg    . . .      Spirit   .    y - +0 robe {Will+}
rPois   .          Reflect  .    n - +2 helmet
rElec   .          Rampage  .    h - +0 cloak
rCorr   .                        G - +0 pair of gloves
Will    ++...                    B - +0 pair of boots
Stlth   ++                       (no amulet)
HPRegen 0.33/turn                (no ring)
MPRegen 0.15/turn                (no ring)

@: lethally poisoned (-8 -> -18), lightly drained
A: high MP 1, forlorn, divine attributes
a: no special abilities


You were on level 8 of the Dungeon.
You visited 1 branch of the dungeon, and saw 8 of its levels.
You also visited: Sewer.

You collected 508 gold pieces.

Inventory:

Hand Weapons
 i - a +2 dagger of venom
   (You took it off Dowan on level 5 of the Dungeon)
 m - the +1 trident of Saah {heavy, +Blink Will++ Str-3 Stlth+}
   (You found it in a sewer)

   Str:       It affects your strength (-3).
   +Blink:    It lets you blink.
   Will:      It greatly increases your willpower.
   Stlth:     It makes you more stealthy.
 o - a +1 dagger of electrocution
   (You found it on level 2 of the Dungeon)
 H - a +3 trident (weapon)
   (You took it off a wight on level 6 of the Dungeon)
Missiles
 c - a throwing net
 w - 5 poisoned darts
 x - 11 boomerangs
Armour
 a - a +0 kite shield
   (You found it on level 6 of the Dungeon)
 h - a +0 cloak (worn)
   (You took it off Crazy Yiuf on level 2 of the Dungeon)
 n - a +2 helmet (worn)
   (You took it off Robin on level 2 of the Dungeon)
 y - a +0 robe of willpower (worn)
   (You took it off Dowan on level 5 of the Dungeon)
 B - a +0 pair of boots (worn)
   (You found it on level 6 of the Dungeon)
 G - a +0 pair of gloves (worn)
   (You found it on level 7 of the Dungeon)
Wands
 s - a wand of flame (53) (quivered)
   (You found it on level 3 of the Dungeon)
 v - a wand of roots (15)
   (You took it off Pikel on level 4 of the Dungeon)
 A - a wand of paralysis (7)
   (You found it on level 6 of the Dungeon)
Scrolls
 e - 4 scrolls of teleportation {@r4}
 g - 2 scrolls of immolation {!r}
 l - a scroll of magic mapping {unknown}
 p - 3 scrolls of blinking
 q - a scroll of fog
 r - a scroll of enchant weapon {unknown}
 z - 2 scrolls of noise {unknown}
 C - a scroll of identify {@r1}
 D - a scroll of fear {unknown}
 F - a scroll of amnesia {unknown}
Potions
 b - 2 potions of magic
 d - a potion of curing {@q1}
 f - 2 potions of attraction {!q}
 j - 2 potions of lignification {!q}
 k - 2 potions of resistance
 t - 3 potions of haste {@q3}
 u - 6 potions of heal wounds {@q2}
 E - a potion of degeneration {unknown}


   Skills:
 + Level 6.5 Fighting
 + Level 2.6 Polearms
 - Level 2.6 Dodging
 - Level 2.9 Stealth
 - Level 3.0 Spellcasting
 + Level 5.1 Summonings
 + Level 10.6 Ice Magic


You had one spell level left.
You knew the following spells:

 Your Spells              Type           Power      Damage    Failure   Level
a - Freeze                Ice            100%       1d10      1%          1
b - Frozen Ramparts       Ice            100%       1d16      1%          3
c - Ozocubu's Armour      Ice            60%        N/A       1%          3
d - Summon Ice Beast      Ice/Summ       50%        N/A       3%          4
e - Call Canine Familiar  Summ           33%        N/A       2%          3

Your spell library contained the following spells:

 Spells                   Type           Power      Damage    Failure   Level
 Blink                    Tloc           8%         N/A       12%         2
 Lesser Beckoning         Tloc           8%         N/A       12%         2
 Momentum Strike          Conj/Tloc      8%         3d8       12%         2
 Sublimation of Blood     Necr           4%         N/A       12%         2
 Wereblood                Tmut           4%         N/A       12%         2
 Inner Flame              Hex/Fire       4%         N/A       22%         3
 Portal Projectile        Hex/Tloc       8%         N/A       22%         3
 Metabolic Englaciation   Hex/Ice        17%        N/A       24%         5
 Cause Fear               Hex            2%         N/A       58%         4
 Leda's Liquefaction      Hex/Erth       2%         N/A       58%         4
 Olgreb's Toxic Radiance  Pois           4%         N/A       58%         4
 Ozocubu's Refrigeration  Ice            30%        4d14      63%         7
 Simulacrum               Ice/Necr       17%        N/A       80%         6
 Summon Hydra             Summ           16%        N/A       100%        7
 Discord                  Hex            2%         N/A       100%        8
 Ignition                 Fire           2%         3d3       100%        8


Dungeon Overview and Level Annotations

Branches:
Dungeon (8/15)             Temple (0/1) D:5           Sewer (visited)
   Lair: D:8-11

Shops:
D:6 [

Annotations:
D:8 Erica


Innate Abilities, Weirdness & Mutations

You have an increased reservoir of magic. (+10% MP)
You shall have no god before yourself.
Your divine heritage dramatically boosts your attributes as you level up.


Message History

No target in view!
The frozen ramparts melt away.
You see here a howler monkey corpse.
Found a stone staircase leading down.
Found an escape hatch in the floor.
Found a quarterstaff.
An orc comes into view. It is wielding a +0 club.
An orc is nearby!
An orc is nearby!
You see here a potion of haste {@q3}.
The orc shouts!
You reach to attack!
You puncture the orc!
You kill the orc!
No target in view!
t - 3 potions of haste {@q3} (gained 1)
Found a stone staircase leading up.
You see here a +0 club.
You see here a +0 club.
A wolf comes into view.
Found 18 gold pieces.
The wolf howls!
An ufetubus comes into view.
There are monsters nearby!
There are monsters nearby!
You hit the wolf but do no damage. The wolf bites you but does no damage.
The wolf bites you.
You barely miss the wolf. The wolf bites you but does no damage.
The wolf misses you. The ufetubus barely misses you. The ufetubus hits you.
The wolf bites you. The ufetubus attacks as you move away!
The ufetubus barely misses you. The ufetubus misses you.
The ufetubus hits you but does no damage.
The ufetubus barely misses you.
The walls around you are covered in ice.
The ufetubus resists.
The wall freezes the ufetubus.
The ufetubus hits you but does no damage.
The ufetubus barely misses you.
The wall freezes the wolf.
The wolf barely misses you. A film of ice covers your body!
The wall freezes the wolf.
The wolf bites you but does no damage.
The ufetubus resists.
The wall freezes the ufetubus.
The ufetubus barely misses you. The ufetubus hits you.
The wall freezes the wolf.
The wolf bites you but does no damage.
The ufetubus resists.
The wall freezes the ufetubus.
The ufetubus closely misses you. x2
You miss the wolf.
The wall freezes the wolf.
The wolf barely misses you.
The ufetubus resists.
The wall freezes the ufetubus.
The ufetubus hits you but does no damage. x2
The wall freezes the wolf.
The wolf bites you but does no damage.
You hit the wolf.
You kill the wolf!
The wall freezes the ufetubus but does no damage.
The ufetubus hits you but does no damage. x2
The ufetubus resists.
The wall freezes the ufetubus.
You kill the ufetubus!
No target in view!
The frozen ramparts melt away.
Your icy armour starts to melt.
Your icy armour cracks and falls away as you move.
You now have 483 gold pieces (gained 6).
You now have 490 gold pieces (gained 7).
You pick up a book of Blood and begin reading...
You add the spells Sublimation of Blood, Wereblood and Summon Hydra to your library.
You now have 508 gold pieces (gained 18).
A wyvern is nearby!
The wyvern hisses angrily.
You hit the wyvern. The wyvern barely misses you.
The walls around you are covered in ice.
The wall freezes the wyvern!
The wyvern bites you.
The wall freezes the wyvern!
The wyvern bites you!
You hit the wyvern but do no damage.
The wall freezes the wyvern.
The wyvern barely misses you.
The wall freezes the wyvern but does no damage.
The wyvern bites you!
You hit the wyvern.
The wall freezes the wyvern.
You kill the wyvern!
The frozen ramparts melt away.
You see here 5 stones.
Found a stone staircase leading up.
Found 2 stones.
Found a stone staircase leading down.
Erica is nearby!
A chill wind blows around you.
Erica casts a spell.
Erica flickers and vanishes!
Deactivating autopickup; reactivate with Ctrl-A.
You can't see any susceptible monsters within range! (Use Z to cast anyway.)
The walls around you are covered in ice.
The wall freezes something but does no damage.
You hear some strange, mumbled words.
A lance of force appears from out of thin air!
The lance of force hits your ice beast!
Your ice beast is knocked back by the lance of force.
Your ice beast collides with you!
A film of ice covers your body!
The wall freezes something!
Reach: H) +3 trident You reach to attack!
You barely miss something.
The wall freezes something!
Something hits your ice beast. Something melts your ice beast.
Reach: H) +3 trident You reach to attack!
You completely miss something.
The wall freezes something.
Something barely misses your ice beast.
The wall freezes something.
Something hits your ice beast. Something melts your ice beast.
Reach: H) +3 trident You could not reach far enough!
The wall freezes something.
Something hits your ice beast! Something melts your ice beast.
Your ice beast dies!
Your ice beast disappears in a puff of smoke!
Reach: H) +3 trident You reach to attack!
You closely miss something.
The wall freezes something.
Your icy armour and frozen ramparts will break if you move.
Continue?
Okay, then.
You puncture something!
The wall freezes something!
Something hits you! Something burns you. The heat melts your icy armour.
The wall freezes something!
Something hits you. Something burns you. The heat melts your icy armour.
A chill wind blows around you.
The wall freezes something.
Something completely misses you.
Your icy armour and frozen ramparts will break if you move.
Continue?
You swap places.
Your icy armour cracks and falls away as you move.
The frozen ramparts melt away as you move.
Your hound bites something.
Something hits your hound! Something burns your hound.
Your hound bites something.
You swap places.
Your hound misses something.
You hear some strange, mumbled words.
A bolt of poison appears from out of thin air!
The bolt of poison hits your hound.
Your hound is poisoned.
Your hound dies!
Your hound's corpse disappears in a puff of smoke!
The bolt of poison hits your ice beast. The bolt of poison hits you!!
You are poisoned.
* * * LOW HITPOINT WARNING * * *
You don't have enough magic to cast this spell.
Sorry, you're not good enough to have a special ability.
You feel very sick.
You feel sick.
You feel sick.
You feel sick.
You feel sick.
You feel sick.
You feel sick.
You feel sick.
You feel sick.
You are no longer poisoned.
You hear some strange, mumbled words.
A bolt of poison appears from out of thin air!
The bolt of poison hits you!!
You are poisoned.
You die...

#........############......
#..>.....# #..#### #######.#####
#? .........# # .........## #..
..........# #.. # .........{### #
#.. # ..#.#....(..#### .# #..####
. #.##..###Y.@.####.# #...##. # .
#..# ####.##..<# #....#. #.#
##..# #....#.# #.... #..###...#
###....# #.... #........#
#.....######....
#######....#######.#.............
....# ##.....#.......#.#####.....
....#####.......#..#.#..####.....
..........####................#.#


You could see a friendly ice beast (summoned).

Vanquished Creatures
  Pikel (D:4)
  Grinder (D:4)
  A wyvern (D:8)
  A yak (D:8)
  A steam dragon (D:7)
  Edmund (D:4)
  3 water moccasins
  Duvessa (D:5)
  3 ice beasts
  A sky beast (D:6)
  2 wolves (D:8)
  2 phantoms
  2 bullfrogs
  4 scorpions
  5 wights
  Dowan (D:5)
  4 killer bees (D:8)
  3 jellies
  2 howler monkeys
  2 electric eels (D:7)
  Crazy Yiuf (D:2)
  5 iguanas
  3 orc priests
  3 hounds
  A gnoll bouda (D:5)
  Ijyb (D:4)
  Terence (D:2)
  12 orc wizards
  A killer bee simulacrum (D:8)
  Robin (D:2)
  10 gnolls (D:5)
  9 adders
  2 river rats (D:3)
  A shadow imp (D:8)
  A white imp (D:7)
  5 ufetubi
  3 worms
  3 dart slugs
  25 orcs
  21 endoplasms
  15 giant cockroaches
  17 goblins
  12 hobgoblins
  8 jackals
  4 kobolds
  6 quokkas
  17 ball pythons
  5 bats
  9 frilled lizards (Sewer)
  15 rats
258 creatures vanquished.

Vanquished Creatures (collateral kills)
  2 black bears
  A wolf (D:8)
  3 wights (D:8)
  A howler monkey (D:6)
  An orc priest (D:7)
  A white imp (D:7)
9 creatures vanquished.

Vanquished Creatures (others)
  67 plants (D:7)
67 creatures vanquished.

Grand Total: 334 creatures vanquished

Notes
Turn   | Place    | Note
-------+----------+-------------------------------------------
     0 | D:1      | CryoSword the Demigod Ice Elementalist began the quest for
                  | the Orb.
     0 | D:1      | Reached XP level 1. HP: 14/14 MP: 5/5
     1 | D:1      | Found a runed translucent door.
   312 | D:1      | Reached XP level 2. HP: 5/20 MP: 0/7
   380 | D:1      | Upgraded the game from 0.30-a0-923-g828ccac5a3 to
                  | 0.30-a0-928-g7f6bbad527
   968 | D:1      | Reached XP level 3. HP: 26/26 MP: 8/8
   972 | D:1      | Learned a level 3 spell: Frozen Ramparts
  1221 | D:1      | Reached skill level 4 in Ice Magic
  1456 | D:2      | Reached XP level 4. HP: 26/33 MP: 7/10
  1506 | D:2      | Noticed Terence
  1515 | D:2      | Killed Terence
  1595 | D:2      | Found a runed translucent door.
  1596 | D:2      | Noticed Crazy Yiuf
  1771 | D:2      | Noticed Robin
  1782 | D:2      | Killed Robin
  2667 | D:2      | Killed Crazy Yiuf
  2668 | D:2      | Reached XP level 5. HP: 17/38 MP: 4/11
  2771 | D:3      | Reached skill level 5 in Ice Magic
  2872 | D:3      | Found a glowing drain.
  2882 | Sewer    | Entered a sewer
  2890 | Sewer    | Learned a level 3 spell: Ozocubu's Armour
  3266 | Sewer    | Reached skill level 6 in Ice Magic
  3266 | Sewer    | Reached XP level 6. HP: 26/45 MP: 2/12
  3392 | Sewer    | Identified the +1 trident of Saah {heavy, +Blink Will++
                  | Str-3 Stlth+}
  4340 | D:4      | Noticed Pikel
  4354 | D:4      | Killed Pikel
  4355 | D:4      | Reached skill level 7 in Ice Magic
  4355 | D:4      | Reached XP level 7. HP: 26/57 MP: 3/14
  4379 | D:4      | Noticed Edmund
  4486 | D:4      | Noticed Grinder
  4725 | D:4      | Killed Edmund
  4906 | D:4      | Reached XP level 8. HP: 61/66 MP: 12/15
  4911 | D:4      | Learned a level 4 spell: Summon Ice Beast
  4995 | D:4      | Noticed Ijyb
  5003 | D:4      | Killed Ijyb
  5194 | D:4      | Reached skill level 8 in Ice Magic
  5386 | D:5      | Entered Level 5 of the Dungeon
  5420 | D:4      | Paralysed by Grinder for 3 turns
  5430 | D:4      | Killed Grinder
  5431 | D:4      | Reached skill level 1 in Summonings
  5672 | D:5      | Noticed Duvessa
  5672 | D:5      | Noticed Dowan
  5995 | D:5      | Killed Dowan
  6197 | D:5      | Killed Duvessa
  6680 | D:5      | Reached skill level 9 in Ice Magic
  6767 | D:5      | Found a staircase to the Ecumenical Temple.
  7358 | D:6      | Found Kuaqom's Antique Armour Shoppe.
  7378 | D:6      | Reached skill level 5 in Fighting
  7448 | D:6      | Reached XP level 9. HP: 74/74 MP: 16/16
  7781 | D:6      | You fall into a shaft and drop 1 floor!
  8858 | D:7      | Reached skill level 10 in Ice Magic
  9812 | D:7      | Reached skill level 1 in Polearms
 10004 | D:7      | Upgraded the game from 0.30-a0-928-g7f6bbad527 to
                  | 0.30-a0-936-ge0d47acfc0
 10348 | D:8      | Noticed Erica
 10626 | D:8      | Reached XP level 10. HP: 37/76 MP: 8/17
 10630 | D:8      | Learned a level 3 spell: Call Canine Familiar
 10859 | D:8      | Reached skill level 5 in Summonings
 11168 | D:8      | Killed from afar by Erica

Illustrated notes

Levels and vault maps discovered:
D:1:      dpeg_arrival_caged_fury, layout_loops_ring,
          chequers_ecumenical_altar_simple, nrook_uturn
D:2:      layout_basic, guppyfry_early_orc_mine, uniq_robin,
          uniq_crazy_yiuf_cottage, uniq_terence
D:3:      layout_loops_cross, grunt_temple_overflow_diamond,
          portal_sewer_entry_e
D:4:      layout_loops_corners, uniq_pikel, uniq_edmund, uniq_ijyb, uniq_grinder
D:5:      layout_loops_ring, marbit_many_paths,
          minmay_temple_entry_glassed_door, nicolae_fountain_basement,
          uniq_duvessa
D:6:      layout_basic, serial_shops, shop, grunt_decor_fettered,
          hangedman_abyss_or_decor_lesser_grid
D:7:      layout_basic, mainiacjoe_overflow_catch_the_wave, serial_bayou,
          serial_bayou_pond_b, serial_bayou_pond_d, serial_bayou_crossing,
          serial_bayou_pond_e, kennysheep_boxes
D:8:      layout_rooms, serial_ice, serial_ice_d, serial_ice_g, serial_ice_b,
          serial_ice_e, uniq_erica

Skill      XL: |  1  2  3  4  5  6  7  8  9 10 |
---------------+-------------------------------+-----
Stealth        | 2 |  2.9
Dodging        | 2 |  2.6
Spellcasting   | 2 3 |  3.0
Ice Magic      | 4 6 7 9 10 | 10.6
Fighting       | 3 5 6 |  6.5
Summonings     | 3 4 5 |  5.1
Polearms       | 2 |  2.6

Action                     |  1- 3 |  4- 6 |  7- 9 | 10-12 || total
---------------------------+-------+-------+-------+-------++-------
  Melee: Unarmed           |     5 |       |       |       ||     5
         Short sword       |    27 |     2 |       |       ||    29
         Dagger            |       |    97 |   240 |       ||   337
         Punch             |       |     1 |     3 |       ||     4
         Trident           |       |       |    50 |    16 ||    66
  Throw: Dart              |       |     5 |       |       ||     5
         Throwing net      |       |       |     1 |       ||     1
   Cast: Freeze            |    52 |    87 |    36 |     1 ||   176
         Frozen Ramparts   |     3 |     9 |    41 |     4 ||    57
         Ozocubu's Armour  |       |     3 |    29 |     3 ||    35
         Summon Ice Beast  |       |       |     5 |     3 ||     8
         Call Canine Famil |       |       |       |     2 ||     2
  Evoke: Wand              |       |       |     6 |       ||     6
    Use: Scroll            |       |     4 |     6 |       ||    10
         Potion            |       |       |     2 |       ||     2
   Stab: Sleeping          |       |    10 |     5 |     2 ||    17
         Distracted        |       |       |     2 |       ||     2
         Held in net/web   |       |       |     1 |       ||     1
 Armour: Robe              |     9 |    51 |   161 |    16 ||   237
  Dodge: Dodged            |    35 |   103 |   256 |    18 ||   412

Table legend: (Time is in decaauts)
 A = Elapsed time spent in this place.
 B = Non-inter-level travel time spent in this place.
 C = Inter-level travel time spent in this place.
 D = Time resting spent in this place.
 E = Time spent auto-exploring this place.
 F = Levels seen in this place.
 G = Mean time per level.
                   A        B        C        D        E       F      G
               +--------+--------+--------+--------+--------+-----+--------+
         Total |  11223 |  10931 |    292 |     44 |   8331 |   9 | 1247.0 |
       Dungeon |  10658 |  10366 |    292 |     44 |   7950 |   8 | 1332.2 |
         Sewer |    564 |    564 |      0 |      0 |    381 |   1 |  564.0 |
               +--------+--------+--------+--------+--------+-----+--------+

Top non-repeatable levels by time:
     D:6: 1646 daAuts
     D:7: 1561 daAuts
     D:4: 1542 daAuts
     D:2: 1441 daAuts
     D:1: 1304 daAuts
     D:5: 1268 daAuts
     D:8: 1066 daAuts
     D:3: 829 daAuts
   Sewer: 564 daAuts
